NCAA
OREGON DUCKS @ CLEMSON TIGERS
04/18/2030
 
TOP OF THE 1ST
Oregon Ducks batting - Pitching for Clemson Tigers : RHP Gary Wilder
Pitching: RHP Gary Wilder
Batting: RHB César Fuentes 0-0: Called Strike
0-1: SINGLE (Groundball, 56D)
Batting: RHB Ed Hines 0-0: Ball
1-0: Foul Ball, location: 2F
1-1: Ball
2-1: Swinging Strike
2-2: Strikes out swinging
Batting: RHB Scott Elliott 0-0: Ball
1-0: Called Strike
1-1: Ball
2-1: 2-RUN HOME RUN (Flyball, 7D), Distance : 357 ft
Batting: RHB Greg Huggins 0-0: Swinging Strike
0-1: SOLO HOME RUN (Flyball, 7D), Distance : 356 ft
Batting: LHB Kay Hennessey 0-0: Foul Ball, location: 2F
0-1: Ball
1-1: Ball
2-1: Ball
3-1: Called Strike
3-2: Ground out 4-3 (Groundball, 4)
Batting: RHB Robin Mitchell 0-0: Ball
1-0: Ball
2-0: Called Strike
2-1: Foul Ball, location: 2F
2-2: Strikes out looking
Top of the 1st over - 3 runs, 3 hits, 0 errors, 0 left on base; Oregon 3 - Clemson 0
BOTTOM OF THE 1ST
Clemson Tigers batting - Pitching for Oregon Ducks : RHP Tom Dooley
Pitching: RHP Tom Dooley
Batting: LHB Dan Dukes 0-0: Ball
1-0: Foul Ball, location: 2F
1-1: Foul Ball, location: 2F
1-2: Ball
2-2: Strikes out swinging
Batting: RHB Blair Charnock 0-0: Fly out, F2 (Popup, 23F)
Batting: SHB Ken Hall 0-0: Fly out, F7 (Flyball, 78D)
Bottom of the 1st over - 0 runs, 0 hits, 0 errors, 0 left on base; Oregon 3 - Clemson 0
TOP OF THE 2ND
Oregon Ducks batting - Pitching for Clemson Tigers : RHP Gary Wilder
Batting: LHB Mike Sims 0-0: Ball
1-0: Called Strike
1-1: Ground out 4-3 (Groundball, 4S)
Batting: RHB Tim Smith 0-0: SINGLE (Flyball, 89M)
Batting: RHB Douglas Turry 0-0: Ball
1-0: Grounds into double play, 5-4-3 (Groundball, 5L)
Top of the 2nd over - 0 runs, 1 hit, 0 errors, 0 left on base; Oregon 3 - Clemson 0
BOTTOM OF THE 2ND
Clemson Tigers batting - Pitching for Oregon Ducks : RHP Tom Dooley
Batting: RHB Garth O'Flahavan 0-0: Foul Ball, location: 2F
0-1: Called Strike
0-2: Ball
1-2: Ball
2-2: Strikes out looking
Batting: LHB Jack Heinsohn 0-0: Called Strike
0-1: Ball
1-1: Swinging Strike
1-2: Ball
2-2: Foul Ball, location: 2F
2-2: Strikes out swinging
Batting: RHB António Delgado 0-0: SINGLE (Line Drive, 56D)
Batting: RHB Brian Childers 0-0: Called Strike
0-1: Called Strike
0-2: Ground out 4-3 (Groundball, 34)
Bottom of the 2nd over - 0 runs, 1 hit, 0 errors, 1 left on base; Oregon 3 - Clemson 0
TOP OF THE 3RD
Oregon Ducks batting - Pitching for Clemson Tigers : RHP Gary Wilder
Batting: RHB César Fuentes 0-0: Ball
1-0: SINGLE (Line Drive, 78S)
Batting: RHB Ed Hines 0-0: Called Strike
0-1: Foul Ball, location: 2F
0-2: Ball
1-2: Ball
2-2: Foul Ball, location: 2F
2-2: Foul Ball, location: 2F
2-2: Strikes out swinging
Batting: RHB Scott Elliott 0-0: Called Strike
0-1: Ball
1-1: Called Strike
1-2: Foul Ball, location: 2F
1-2: SINGLE (Flyball, 9LM)
César Fuentes to second
Runner from 2nd tries for 3rd, SAFE, throw made to third
Batting: RHB Greg Huggins 0-0: Called Strike
0-1: Called Strike
0-2: Ball
1-2: Fly out, F7 (Flyball, 7S)
Batting: LHB Kay Hennessey 0-0: Called Strike
Scott Elliott is caught stealing 2nd base
Top of the 3rd over - 0 runs, 2 hits, 0 errors, 1 left on base; Oregon 3 - Clemson 0
BOTTOM OF THE 3RD
Clemson Tigers batting - Pitching for Oregon Ducks : RHP Tom Dooley
Batting: SHB Brent Boswell 0-0: Swinging Strike
0-1: Ball
1-1: Swinging Strike
1-2: Foul Ball, location: 2F
1-2: Ball
2-2: Strikes out looking
Batting: RHB Ricardo Medellín 0-0: Foul Ball, location: 2F
0-1: Foul Ball, location: 2F
0-2: Ball
1-2: SOLO HOME RUN (Flyball, 8RXD), Distance : 393 ft
Batting: LHB Dan Dukes 0-0: Ball
1-0: Ball
2-0: Foul Ball, location: 2F
2-1: Ball
3-1: Fly out, F9 (Flyball, 9)
Batting: RHB Blair Charnock 0-0: Called Strike
0-1: Ball
1-1: DOUBLE (Line Drive, 9LM)
Batting: SHB Ken Hall 0-0: Ball
1-0: SINGLE (Groundball, 4MD)
Blair Charnock to third
Runner from 3rd tries for Home, SAFE, throw made home
Batting: RHB Garth O'Flahavan 0-0: Called Strike
0-1: Ball
1-1: Ball
2-1: Fly out, F7 (Flyball, 78M)
Bottom of the 3rd over - 2 runs, 3 hits, 0 errors, 1 left on base; Oregon 3 - Clemson 2
TOP OF THE 4TH
Oregon Ducks batting - Pitching for Clemson Tigers : RHP Gary Wilder
Batting: LHB Kay Hennessey 0-0: Ball
1-0: Foul Ball, location: 2F
1-1: Called Strike
1-2: Ball
2-2: Ground out 4-3 (Groundball, 4)
Batting: RHB Robin Mitchell 0-0: Ball
1-0: Foul Ball, location: 2F
1-1: Called Strike
1-2: Ball
2-2: Ball
3-2: Base on Balls
Batting: LHB Mike Sims 0-0: Called Strike
0-1: Ball
1-1: Foul Ball, location: 2F
1-2: Ball
2-2: Strikes out swinging
Batting: RHB Tim Smith 0-0: Ball
1-0: Ball
2-0: Called Strike
2-1: Swinging Strike
2-2: Foul Ball, location: 2F
2-2: SINGLE (Line Drive, 78S)
Robin Mitchell to second
Runner from 2nd tries for 3rd, SAFE, throw made to third
Batting: RHB Douglas Turry 0-0: Ball
1-0: Swinging Strike
1-1: Called Strike
1-2: Strikes out swinging
Top of the 4th over - 0 runs, 1 hit, 0 errors, 2 left on base; Oregon 3 - Clemson 2
BOTTOM OF THE 4TH
Clemson Tigers batting - Pitching for Oregon Ducks : RHP Tom Dooley
Batting: LHB Jack Heinsohn 0-0: Ground out U3 (Groundball, 3)
Batting: RHB António Delgado 0-0: Fly out, F9 (Flyball, 9LMF)
Batting: RHB Brian Childers 0-0: Ball
1-0: Swinging Strike
1-1: Ball
2-1: Ball
3-1: Foul Ball, location: 2F
3-2: Base on Balls
Batting: SHB Brent Boswell 0-0: Ball
1-0: Called Strike
Brian Childers is caught stealing 2nd base
Bottom of the 4th over - 0 runs, 0 hits, 0 errors, 0 left on base; Oregon 3 - Clemson 2
TOP OF THE 5TH
Oregon Ducks batting - Pitching for Clemson Tigers : RHP Gary Wilder
Batting: RHB César Fuentes 0-0: Foul Ball, location: 2F
0-1: Foul Ball, location: 2F
0-2: Strikes out swinging
Batting: RHB Ed Hines 0-0: Fly out, F8 (Flyball, 8RS)
Batting: RHB Scott Elliott 0-0: Ball
1-0: Ball
2-0: Ball
3-0: Base on Balls
Pitching: RHP Jerry Marshall
Batting: RHB Greg Huggins 0-0: Swinging Strike
0-1: Ball
1-1: Called Strike
1-2: Strikes out swinging
Top of the 5th over - 0 runs, 0 hits, 0 errors, 1 left on base; Oregon 3 - Clemson 2
BOTTOM OF THE 5TH
Clemson Tigers batting - Pitching for Oregon Ducks : RHP Tom Dooley
Batting: SHB Brent Boswell 0-0: Ball
1-0: Called Strike
1-1: Ball
2-1: Ground out 5-3 (Groundball, 56)
Batting: RHB Ricardo Medellín 0-0: Swinging Strike
0-1: Swinging Strike
0-2: Ball
1-2: Strikes out swinging
Batting: LHB Dan Dukes 0-0: Swinging Strike
0-1: Ball
1-1: Swinging Strike
1-2: Ball
2-2: Fly out, F7 (Line Drive, 7D)
Bottom of the 5th over - 0 runs, 0 hits, 0 errors, 0 left on base; Oregon 3 - Clemson 2
TOP OF THE 6TH
Oregon Ducks batting - Pitching for Clemson Tigers : RHP Jerry Marshall
Batting: LHB Kay Hennessey 0-0: Swinging Strike
0-1: Ball
1-1: SINGLE (Line Drive, 6MD)
Batting: RHB Robin Mitchell 0-0: Fly out, F9 (Flyball, 9)
Batting: LHB Mike Sims 0-0: Ball
1-0: Called Strike
1-1: Foul Ball, location: 2F
1-2: Ball
2-2: Strikes out swinging
Batting: RHB Tim Smith 0-0: Foul Ball, location: 2F
0-1: Ball
1-1: Swinging Strike
1-2: Ball
2-2: Strikes out looking
Top of the 6th over - 0 runs, 1 hit, 0 errors, 1 left on base; Oregon 3 - Clemson 2
BOTTOM OF THE 6TH
Clemson Tigers batting - Pitching for Oregon Ducks : RHP Tom Dooley
Batting: RHB Blair Charnock 0-0: Ball
1-0: Ball
2-0: Called Strike
2-1: Fly out, F8 (Flyball, 8RD)
Batting: SHB Ken Hall 0-0: Foul Ball, location: 2F
0-1: Swinging Strike
0-2: Foul Ball, location: 2F
0-2: Strikes out looking
Batting: RHB Garth O'Flahavan 0-0: Ball
1-0: Ball
2-0: Foul Ball, location: 2F
2-1: SINGLE (Flyball, 8LS)
Pitching: RHP Miguel Pérez
Batting: LHB Jack Heinsohn 0-0: Called Strike
0-1: Ball
1-1: Ball
2-1: Ground out 4-3 (Groundball, 4M)
Bottom of the 6th over - 0 runs, 1 hit, 0 errors, 1 left on base; Oregon 3 - Clemson 2
TOP OF THE 7TH
Oregon Ducks batting - Pitching for Clemson Tigers : RHP Jerry Marshall
Batting: RHB Douglas Turry 0-0: Ball
1-0: Swinging Strike
1-1: Swinging Strike
1-2: SINGLE (Line Drive, 6)
Batting: RHB César Fuentes 0-0: Ball
1-0: Ball
2-0: Sac Bunt - play at first, batter OUT! 1-4
Douglas Turry to second
Batting: RHB Ed Hines 0-0: Ball
1-0: Fly out, F7 (Flyball, 78S)
Batting: RHB Scott Elliott 0-0: Called Strike
0-1: Swinging Strike
0-2: Strikes out swinging
Top of the 7th over - 0 runs, 1 hit, 0 errors, 1 left on base; Oregon 3 - Clemson 2
BOTTOM OF THE 7TH
Clemson Tigers batting - Pitching for Oregon Ducks : RHP Miguel Pérez
Batting: RHB António Delgado 0-0: Called Strike
0-1: Ball
1-1: Called Strike
1-2: Foul Ball, location: 2F
1-2: Ball
2-2: Ball
3-2: Ground out 6-3 (Groundball, 6)
Batting: RHB Brian Childers 0-0: Ball
1-0: Ball
2-0: Reached on error, E6 (Groundball, 6)
Batting: SHB Brent Boswell 0-0: Ball
1-0: Swinging Strike
1-1: Grounds into double play, 6-4-3 (Groundball, 6)
Bottom of the 7th over - 0 runs, 0 hits, 1 error, 0 left on base; Oregon 3 - Clemson 2
TOP OF THE 8TH
Oregon Ducks batting - Pitching for Clemson Tigers : RHP Jerry Marshall
Batting: RHB Greg Huggins 0-0: Called Strike
0-1: Swinging Strike
0-2: Ball
1-2: Ball
2-2: Ball
3-2: Ground out 6-3 (Groundball, 6)
Pitching: LHP Alan Nelson
Batting: LHB Kay Hennessey 0-0: Foul Ball, location: 2F
0-1: Ball
1-1: Ball
2-1: Ball
3-1: Called Strike
3-2: Strikes out swinging
Pitching: RHP Ray Holmes
Batting: RHB Robin Mitchell 0-0: Ball
1-0: Ball
2-0: Foul Ball, location: 2F
2-1: Foul Ball, location: 2F
2-2: Ball
3-2: Base on Balls
Batting: LHB Mike Sims 0-0: Ground out U3 (Groundball, 34)
Top of the 8th over - 0 runs, 0 hits, 0 errors, 1 left on base; Oregon 3 - Clemson 2
BOTTOM OF THE 8TH
Clemson Tigers batting - Pitching for Oregon Ducks : RHP Miguel Pérez
Batting: RHB Ricardo Medellín 0-0: Called Strike
0-1: Ball
1-1: Ball
2-1: Ball
3-1: Swinging Strike
3-2: Strikes out looking
Batting: LHB Dan Dukes 0-0: Foul Ball, location: 2F
0-1: Foul Ball, location: 2F
0-2: Ground out 6-3 (Groundball, 56)
Batting: RHB Blair Charnock 0-0: Called Strike
0-1: Ball
1-1: Swinging Strike
1-2: Strikes out looking
Bottom of the 8th over - 0 runs, 0 hits, 0 errors, 0 left on base; Oregon 3 - Clemson 2
TOP OF THE 9TH
Oregon Ducks batting - Pitching for Clemson Tigers : RHP Ray Holmes
Batting: RHB Tim Smith 0-0: Foul Ball, location: 2F
0-1: Ball
1-1: Ball
2-1: Ball
3-1: Foul Ball, location: 2F
3-2: Base on Balls
Pinch Hitting: RHB Chris Christopher 0-0: Ball
1-0: Swinging Strike
1-1: Ball
2-1: Foul Ball, location: 2F
2-2: Hit by Pitch
Tim Smith to second
Batting: RHB César Fuentes 0-0: Ball
1-0: Bunt missed!
1-1: Bunted foul
1-2: Grounds into double play, 6-4-3 (Groundball, 6)
Tim Smith to third
Batting: RHB Ed Hines 0-0: Called Strike
0-1: Foul Ball, location: 2F
0-2: Strikes out looking
Top of the 9th over - 0 runs, 0 hits, 0 errors, 1 left on base; Oregon 3 - Clemson 2
BOTTOM OF THE 9TH
Clemson Tigers batting - Pitching for Oregon Ducks : RHP Miguel Pérez
Now at C: Chris Christopher
Batting: SHB Ken Hall 0-0: Foul Ball, location: 2F
0-1: Ball
1-1: Foul Ball, location: 2F
1-2: Ground out 4-3 (Groundball, 34)
Batting: RHB Garth O'Flahavan 0-0: DOUBLE (Line Drive, 78XD)
Batting: LHB Jack Heinsohn 0-0: Called Strike
0-1: Ball
1-1: Ball
2-1: Ball
3-1: Called Strike
3-2: Base on Balls
Batting: RHB António Delgado 0-0: SINGLE (Groundball, 56D)
Garth O'Flahavan to third
Jack Heinsohn to second
Runner from 3rd tries for Home, SAFE, throw made home
Pinch Hitting: SHB Michael Jones 0-0: SINGLE (Groundball, 4D)
Jack Heinsohn to third
António Delgado to second
Throwing error, E8
Jack Heinsohn scores
Saturday, April 7th, 2018 - OOTP Baseball 18.8 Build 76